 Dungeon Crawl Stone Soup version 0.21-a0-221-gfe971b9 (webtiles) character file.

114 mopl the Ruffian (level 4, -8/34 HPs)
             Began as a Barachi Warper on Aug 24, 2017.
             Mangled by Sigmund
             ... wielding a +0 scythe
              (14 damage)
             ... on level 3 of the Dungeon on Aug 25, 2017.
             The game lasted 00:06:02 (2606 turns).

mopl the Ruffian (Barachi Warper)                   Turns: 2606, Time: 00:06:03

Health: -8/34      AC:  7    Str: 12    XL:     4   Next: 97%
Magic:  6/7        EV: 12    Int: 15    God:
Gold:   66         SH:  0    Dex: 11    Spells: 3/7 levels left

rFire    . . .     SeeInvis .     - Unarmed
rCold    . . .     Gourm    .   (no shield)
rNeg     + . .     Faith    .   a - +0 leather armour
rPois    .         Spirit   .   (no helmet)
rElec    .         Reflect  .   (no cloak)
rCorr    .         Harm     .   (no gloves)
MR       .....                  (no boots)
Stlth    +.........             (no amulet)
HPRegen  0.11/turn              l - ring of positive energy
MPRegen  0.10/turn              n - +4 ring of protection

@: flying, very slightly contaminated, invisible, slow
A: +LOS, swims, slowness 1, strong legs 1
a: Hop


You were on level 3 of the Dungeon.
You were hungry.

You visited 1 branch of the dungeon, and saw 3 of its levels.

You collected 66 gold pieces.

Inventory:

Hand Weapons
 b - a +0 hunting sling
Missiles
 d - 5 tomahawks of dispersal
 i - 32 stones
 j - 11 poisoned needles
 s - 11 tomahawks (quivered)
Armour
 a - a +0 leather armour (worn)
 w - a cursed -2 shield
Jewellery
 l - a ring of positive energy (left hand)
 n - a +4 ring of protection (right hand)
 p - an uncursed ring of ice
Scrolls
 c - 3 scrolls of blinking
 e - a scroll of teleportation {unknown}
 m - 3 scrolls of remove curse
 q - 2 scrolls of identify {unknown}
 u - a scroll of immolation {unknown}
Potions
 o - 2 potions of curing
Books
 h - a book of Spatial Translocations

   Spells                             Type                      Level
   a - Blink                          Translocation                2
   b - Shroud of Golubria             Charms/Translocation         2
   c - Lesser Beckoning               Translocation                3
   d - Gell's Gravitas                Translocation                3
   e - Teleport Other                 Translocation                3
   f - Passage of Golubria            Translocation                4
Comestibles
 f - 4 bread rations
 r - a royal jelly
 v - a chunk of flesh


   Skills:
 - Level 2.4 Fighting
 - Level 1.0 Throwing
 - Level 1.2 Armour
 - Level 2.1 Dodging
 * Level 4.5 Unarmed Combat
 - Level 2.1 Spellcasting
 + Level 1.5 Charms
 + Level 4.0 Translocations


You had 3 spell levels left.
You knew the following spells:

 Your Spells              Type           Power        Failure   Level  Hunger
e - Blink                 Tloc           N/A          8%          2    ###....
f - Shroud of Golubria    Chrm/Tloc      ##........   13%         2    ###....


Dungeon Overview and Level Annotations

Branches:
Dungeon (3/15)

Altars:

Annotations:
D:3 Sigmund; kal9871's ghost, novice OgFE


Innate Abilities, Weirdness & Mutations

Shadows flee at your approach. (+LOS)
You can swim through water.
You cover ground slowly.
You can hop short distances.


Message History

You hear some strange, mumbled words.
Something tries to affect you, but you resist.
Your leather armour prevents you from hitting something.
Something hits you!
* * * LOW HITPOINT WARNING * * *
You hit something. Something hits you but does no damage.
You hit something but do no damage. You closely miss something.
Something hits you.
* * * LOW HITPOINT WARNING * * *
You hit something but do no damage. You hit something but do no damage.
Something hits you but does no damage.
You barely miss something. Something hits you.
* * * LOW HITPOINT WARNING * * *
You feel better.
You barely miss something.
You hear some strange, mumbled words.
A puff of flame appears from out of thin air!
The puff of flame hits you!
You hit something. Something hits you!
You die...

#.....###.#...## #.#
#.###.#........######.# #.#
#.#.#.............#
#####.###.........#########
.......)......##..#
.##########.####..# .#
#.......# .# ######.## .#
#@# .# #{########## .#
#.##.......# .#
#.##.#####.##### ##
#######.##.#####.#...#
#........((((.((.(...#
#.####...#.#####.#...#
#......#####.##รท##
##...#.......##.#


There were no monsters in sight!

Vanquished Creatures
  A gnoll (D:3)
  5 adders
  A dart slug (D:2)
  3 leopard geckos
  2 orcs (D:3)
  8 giant cockroaches
  3 goblins (D:1)
  8 hobgoblins
  2 bats
  4 frilled lizards
  9 kobolds
  7 rats
53 creatures vanquished.

Notes
Turn   | Place    | Note
-------+----------+-------------------------------------------
     0 | D:1      | mopl the Barachi Warper began the quest for the Orb.
     0 | D:1      | Reached XP level 1. HP: 17/17 MP: 3/3
   284 | D:1      | Reached skill level 3 in Unarmed Combat
   284 | D:1      | Reached XP level 2. HP: 21/23 MP: 5/5
   288 | D:1      | Learned a level 2 spell: Blink
   291 | D:1      | Learned a level 2 spell: Shroud of Golubria
   699 | D:1      | Reached XP level 3. HP: 28/28 MP: 6/6
  1734 | D:2      | Reached skill level 1 in Charms
  1734 | D:2      | Reached XP level 4. HP: 34/34 MP: 7/7
  1762 | D:2      | Found a faded altar of an unknown god.
  1775 | D:2      | Reached skill level 4 in Unarmed Combat
  2064 | D:3      | Noticed kal9871's ghost (novice OgFE)
  2301 | D:3      | Reached skill level 4 in Translocations
  2538 | D:3      | Noticed Sigmund
  2603 | D:3      | HP: 1/34 [something (2)]
  2606 | D:3      | Mangled by Sigmund

Vault maps used:
D:1:      nzn_arrival_crosshair
D:2:      chequers_ecumenical_altar_lobes
D:3:      first_bread, kennysheep_generic_room_3, uniq_sigmund

Skill      XL: |  1  2  3  4 |
---------------+-------------+-----
Unarmed Combat | 3 4 |  4.5
Charms         | 1 |  1.5
Translocations | 4 |  4.0
Fighting       | |  2.4
Throwing       | |  1.0
Armour         | |  1.2
Dodging        | |  2.1
Spellcasting   | |  2.1

Action                   |  1- 3 |  4- 6 || total
-------------------------+-------+-------++-------
Melee: Unarmed           |   172 |    95 ||   267
       Punch             |     3 |     1 ||     4
 Fire: Hunting sling     |       |    11 ||    11
Throw: Stone             |     4 |       ||     4
 Cast: Blink             |       |     2 ||     2
 Abil: Hop               |       |     1 ||     1
  Use: Potion            |       |     5 ||     5
       Scroll            |       |     1 ||     1
  Eat: Chunk             |     3 |     3 ||     6
Armor: Leather armour    |    39 |    34 ||    73
Dodge: Dodged            |   115 |    54 ||   169

Table legend:
 A = Spawn XP
 B = Non-spawn XP
 C = Spawn XP percentage of total XP
 D = Spawn monster count
 E = Non-spawn monster count
 F = Spawn count percentage of total count
 G = Total turns spent on level
                    A         B        C        D         E        F      G
               +---------+---------+-------+---------+---------+-------+---------
         Total |      32 |     131 |  19.6 |      10 |      43 |  18.9 |  2606
               +---------+---------+-------+---------+---------+-------+---------
           D:1 |      12 |      42 |  22.2 |       6 |      26 |  18.8 |  1163
           D:2 |      15 |      36 |  29.4 |       2 |       7 |  22.2 |   908
           D:3 |       5 |      53 |   8.6 |       2 |      10 |  16.7 |   535
               +---------+---------+-------+---------+---------+-------+---------
